 Dungeon Crawl Stone Soup version 0.29.0-4-gdea44cf6ec (webtiles) character file.

Game seed: 7634711905171063923

70 qw the Chopper (level 4, -2/26 HPs)
             Began as a Tengu Warper on Aug 28, 2022.
             Slain by a gnoll
             ... wielding a +2 whip of venom
              (3 damage)
             ... on level 2 of the Dungeon.
             The game lasted 00:00:11 (1642 turns).

qw the Chopper (Tengu Warper)                       Turns: 1642, Time: 00:00:12

Health: -2/26      AC:  6    Str: 13    XL:     4   Next: 22%
Magic:  8/8        EV: 11    Int: 13    God:
Gold:   49         SH:  0    Dex: 14    Spells: 7/7 levels left

rFire   + . .      SeeInvis .   Y - +1 hand axe
rCold   + + .      Faith    .   (no shield)
rNeg    . . .      Spirit   .   e - +1 ring mail {rC+}
rPois   .          Reflect  .   (helmet restricted)
rElec   .          Harm     .   a - scarf {rC+ rF+}
rCorr   .          Rampage  .   (no gloves)
Will    .....                   (boots unavailable)
Stlth   +.........              (no amulet)
HPRegen 0.08/turn               (no ring)
MPRegen 0.11/turn               (no ring)

@: lethally poisoned (-2 -> -15)
A: beak, talons 3
a: no special abilities


You were on level 2 of the Dungeon.
You visited 1 branch of the dungeon, and saw 3 of its levels.

You collected 49 gold pieces.


Innate Abilities, Weirdness & Mutations

You have a beak for a mouth.
You have claws for feet.


   Skills:
 - Level 2.0 Fighting
 + Level 4.8 Axes
 - Level 1.0 Throwing
 - Level 1.1 Armour
 - Level 2.1 Dodging
 - Level 2.0 Spellcasting
 - Level 2.4 Translocations


You had 7 spell levels left.
You didn't know any spells.
Your spell library contained the following spells:

 Spells                   Type           Power      Damage    Failure   Level
 Blink                    Tloc           14%        N/A       30%         2
 Gell's Gravitas          Tloc           7%         N/A       52%         3
 Lesser Beckoning         Tloc           7%         N/A       52%         3
 Teleport Other           Tloc           7%         N/A       52%         3
 Manifold Assault         Tloc           7%         N/A       99%         5

Inventory:

Hand Weapons
 g - a +0 whip
 Y - a +1 hand axe (weapon)
Armour
 a - a scarf of resistance (worn)
 e - a +1 ring mail of cold resistance (worn)
Jewellery
 d - a ring of fire
Scrolls
 b - a scroll of enchant armour
 j - 3 scrolls of identify
Potions
 c - a potion of curing

Dungeon Overview and Level Annotations

Branches:
Dungeon (3/15)

Altars:

Shops:
D:1 =


Message History

c - a potion of curing;
1620 ||| IDENTIFYING white potion Done exploring.
(D) Dungeon
Where to? (* - list waypoints, Enter - D:2, ? - help)
What level of the Dungeon? (default 1, ? - help)
Things that are here:
a +0 dagger; a goblin skeleton
There is a stone staircase leading down here.
You climb downwards.
The gnoll shouts! x2
There is a stone staircase leading up here.
There are monsters nearby!
Existing waypoints: (1) D:2 (2) D:1 Assign waypoint to what number? (0-9, D - delete waypoint) Waypoint 2 re-assigned from D:1 to D:3.
1636 ||| STAIRDANCE The gnoll closely misses you.
The gnoll barely misses you.
You climb upwards.
There is a stone staircase leading down here.
You hit the gnoll but do no damage. You claw the gnoll, but do no damage.
The gnoll misses you.
You hit the gnoll.
The gnoll is moderately wounded.
The gnoll hits you with a +2 whip of venom.
You are poisoned.
You closely miss the gnoll.
The gnoll is moderately wounded.
You feel very sick.
The gnoll hits you with a +2 whip of venom.
You are lethally poisoned!
You hit the gnoll but do no damage. Your kick misses the gnoll.
The gnoll is moderately wounded.
You feel very sick.
The gnoll hits you with a +2 whip of venom.
You barely miss the gnoll. You peck the gnoll, but do no damage.
The gnoll is moderately wounded.
You feel very sick.
The gnoll hits you with a +2 whip of venom.
You die...

.........# #.# )........##
#.####### ..........####
#.......#
#.%..........#######.......#
#........###.......#.......#
#........##............#####
#.......................#
...............g.%.#..###
.#####...#......@....## .#
##.#.#.....#.##).#####
#####......#.............#
##.........%.#...........#
...##.##.#...####........#
......##...######........#
...##..........##........####
##................#.#.......#
##..#..........####.#.......##


You could see a gnoll.

Vanquished Creatures
  3 adders (D:2)
  3 endoplasms
  A giant cockroach (D:1)
  8 goblins
  4 hobgoblins
  4 jackals
  2 kobolds (D:1)
  A quokka (D:1)
  4 ball pythons
  4 bats
  3 frilled lizards (D:1)
  3 rats (D:2)
40 creatures vanquished.

Notes
Turn   | Place    | Note
-------+----------+-------------------------------------------
     0 | D:1      | qw the Tengu Warper began the quest for the Orb.
     0 | D:1      | Reached XP level 1. HP: 12/12 MP: 4/4
     0 | D:1      | 0 ||| qw: Version: 0.1-a-89-g26bdef1
     0 | D:1      | 0 ||| qw: Game counter: 830
     0 | D:1      | 0 ||| qw: Always use a shield: true
     0 | D:1      | 0 ||| qw: God list: Okawaru
     0 | D:1      | 0 ||| qw: Allow faded altars: false
     0 | D:1      | 0 ||| qw: Do Orc after D:15 true
     0 | D:1      | 0 ||| qw: Do second Lair branch before Depths: true
     0 | D:1      | 0 ||| qw: Lair rune preference: random
     0 | D:1      | 0 ||| qw: Plans: Normal
     0 | D:1      | 0 ||| PLANNING D:1-11
   291 | D:1      | 291 ||| Stepping ~*~*~tactically~*~*~ (stealth).
   293 | D:1      | Reached skill level 3 in Axes
   293 | D:1      | Reached XP level 2. HP: 15/17 MP: 6/6
   370 | D:1      | Found Qalotoz's Jewellery Shoppe.
   611 | D:1      | 611 ||| SHOPLISTING +4 ring of evasion (504 gold, have 28).
   611 | D:1      | 611 ||| SHOPLISTING +4 ring of protection (504 gold, have
                  | 28).
   611 | D:1      | 611 ||| SHOPLISTING +6 ring of dexterity (504 gold, have
                  | 28).
   611 | D:1      | 611 ||| SHOPLISTING +6 ring of strength (504 gold, have
                  | 28).
   611 | D:1      | 611 ||| SHOPLISTING amulet of guardian spirit (420 gold,
                  | have 28).
   611 | D:1      | 611 ||| SHOPLISTING amulet of regeneration (420 gold, have
                  | 28).
   611 | D:1      | 611 ||| SHOPLISTING ring of Caha {rPois Will+++ Str-4
                  | Stlth+} (691 gold, have 28).
   611 | D:1      | 611 ||| SHOPLISTING ring of poison resistance (280 gold,
                  | have 28).
   611 | D:1      | 611 ||| SHOPLISTING ring of positive energy (280 gold, have
                  | 28).
   611 | D:1      | 611 ||| SHOPLISTING ring of protection from cold (350 gold,
                  | have 28).
   611 | D:1      | 611 ||| SHOPLISTING ring of willpower (350 gold, have 28).
  1025 | D:1      | 1025 ||| UPGRADING to +1 ring mail of cold resistance.
  1035 | D:1      | 1035 ||| DROPPING +0 leather armour.
  1036 | D:1      | 1036 ||| READING scroll labelled QUEDOT PORR.
  1037 | D:1      | 1037 ||| READING scroll labelled YLAAMP NUCYW.
  1038 | D:1      | 1038 ||| READING scroll labelled JUUQE XINNOMEJIP.
  1039 | D:1      | 1039 ||| READING scroll labelled AKISIG YMOMOKE.
  1039 | D:1      | Identified a scroll of acquirement
  1039 | D:1      | 1039 ||| ACQUIRING scarf of resistance
  1039 | D:1      | Acquired a scarf of resistance
  1041 | D:1      | 1041 ||| UPGRADING to scarf of resistance.
  1046 | D:1      | 1046 ||| READING 2 scrolls labelled VOAGAQUO BIUWK.
  1047 | D:1      | 1047 ||| READING scroll labelled OGGECR VURPHESY.
  1048 | D:1      | 1048 ||| READING scroll labelled UWU SEILAL.
  1049 | D:1      | 1049 ||| READING scroll labelled TOPIHOW CENOS.
  1050 | D:1      | 1050 ||| READING scroll labelled JASKAO JESMISI.
  1053 | D:1      | 1053 ||| READING scroll labelled SISEUN BOFRY.
  1054 | D:1      | 1054 ||| DROPPING scroll of blinking.
  1071 | D:2      | 1071 ||| STAIRDANCE
  1081 | D:2      | Reached XP level 3. HP: 21/21 MP: 7/7
  1095 | D:2      | 1095 ||| Stepping ~*~*~tactically~*~*~ (stealth).
  1115 | D:2      | Reached skill level 4 in Axes
  1248 | D:2      | 1248 ||| Stepping ~*~*~tactically~*~*~ (stealth).
  1254 | D:2      | 1254 ||| Stepping ~*~*~tactically~*~*~ (stealth).
  1255 | D:2      | 1255 ||| Stepping ~*~*~tactically~*~*~ (stealth).
  1296 | D:2      | Reached XP level 4. HP: 26/26 MP: 8/8
  1388 | D:2      | 1388 ||| Stepping ~*~*~tactically~*~*~ (hiding).
  1390 | D:2      | 1390 ||| Stepping ~*~*~tactically~*~*~ (hiding).
  1391 | D:2      | 1391 ||| Stepping ~*~*~tactically~*~*~ (hiding).
  1392 | D:2      | 1392 ||| Stepping ~*~*~tactically~*~*~ (hiding).
  1619 | D:2      | 1619 ||| DROPPING amulet of faith.
  1620 | D:2      | 1620 ||| READING 4 scrolls of identify.
  1620 | D:2      | 1620 ||| IDENTIFYING white potion
  1636 | D:3      | 1636 ||| STAIRDANCE
  1641 | D:2      | HP: 5/26 [gnoll/+2 whip of venom (3)]
  1642 | D:2      | HP: 1/26 [poisoned by a gnoll]
  1642 | D:2      | Slain by a gnoll

Levels and vault maps discovered:
D:1:      eino_arrival_water_star, layout_loops_ring, serial_shops,
          nicolae_shop_advertising_works [nicolae_subvault_shop_adworks]
D:2:      layout_rooms, kennysheep_nub
D:3:      mumra_celtic_spiral_tile, layout_basic,
          nicolae_elyvilon_peaceful_grove, serial_bayou_pond_d,
          kennysheep_cross_room, uniq_natasha

Skill      XL: |  1  2  3 |
---------------+----------+-----
Axes           | 3 4 |  4.8
Fighting       | |  2.0
Throwing       | |  1.0
Armour         | |  1.1
Dodging        | |  2.1
Spellcasting   | |  2.0
Translocations | |  2.4

Action                   |  1- 3 |  4- 6 || total
-------------------------+-------+-------++-------
Melee: Hand axe          |    72 |    13 ||    85
       Peck              |     3 |     2 ||     5
       Kick              |    17 |     1 ||    18
       Punch             |     1 |       ||     1
Throw: Boomerang         |     7 |       ||     7
  Use: Scroll            |    10 |     1 ||    11
Armor: Leather armour    |     4 |       ||     4
       Ring mail         |    21 |     2 ||    23
Dodge: Dodged            |    36 |     5 ||    41

Table legend:
 A = Non-vault XP
 B = Vault XP
 C = Vault XP percentage of total XP
 D = Non-vault monster count
 E = Vault monster count
 F = Vault count percentage of total count
                 A         B        C        D         E       F
            +---------+---------+-------+---------+---------+-------
      Total |     101 |       0 |   0.0 |      40 |       0 |   0.0
            +---------+---------+-------+---------+---------+-------
        D:1 |      33 |       0 |   0.0 |      20 |       0 |   0.0
        D:2 |      68 |       0 |   0.0 |      20 |       0 |   0.0
            +---------+---------+-------+---------+---------+-------
